 Dungeon Crawl Stone Soup version 0.26.1-2-gb8aa6d0cf2 (webtiles) character file.

Game seed: 18080486909443722775

6237 funkygono the Thaumaturge (level 10, -3/68 HPs)
             Began as a Demonspawn Fire Elementalist on Feb 18, 2021.
             Was an Initiate of Kikubaaqudgha.
             Slain by an unseen horror (5 damage)
             ... on level 10 of the Dungeon.
             The game lasted 00:35:07 (14419 turns).

funkygono the Thaumaturge (DsFE)                   Turns: 14419, Time: 00:35:08

Health: -3/68      AC:  9    Str: 15    XL:     10   Next: 62%
Magic:  22/22      EV: 14    Int: 19    God:    Kikubaaqudgha [......]
Gold:   592        SH:  0    Dex: 14    Spells: 18/25 levels left

rFire    . . .     SeeInvis .   m - +1 flail (protect)
rCold    + . .     Faith    .   (no shield)
rNeg     . . .     Spirit   .   o - +0 steam dragon scales
rPois    .         Reflect  .   f - +0 hat
rElec    .         Harm     .   (no cloak)
rCorr    .         Rampage  .   t - +1 pair of gloves
Will     .....                  n - +0 pair of boots
Stlth    ++........             (no amulet)
HPRegen  0.21/turn              v - +6 ring of strength
MPRegen  0.18/turn              y - ring of protection from cold

@: no status effects
A: antennae 1, powered by death 1, miasma immunity, sturdy frame 2
a: Renounce Religion


You were on level 10 of the Dungeon.
You worshipped Kikubaaqudgha.
Kikubaaqudgha was noncommittal.
You visited 2 branches of the dungeon, and saw 11 of its levels.

You collected 592 gold pieces.

Inventory:

Hand Weapons
 e - a +0 whip
 m - a +1 flail of protection (weapon)
 A - a +2 flail of draining
Armour
 a - a +0 robe
 f - a +0 hat (worn)
 l - a +0 leather armour
 n - a +0 pair of boots (worn)
 o - +0 steam dragon scales (worn)
 q - a +0 buckler
 t - a +1 pair of gloves (worn)
Magical Staves
 D - an uncursed staff of conjuration
Jewellery
 g - an uncursed ring of stealth
 v - a +6 ring of strength (left hand)
 w - the amulet of the Wild Haggis {Spirit +Fly rC+ Will-}
   (You found it on level 6 of the Dungeon)

   [amulet of guardian spirit]

   It causes incoming damage to be split between your health and magic.
   It protects you from cold.
   It affects your willpower, your defense against some magical effects.
   It lets you fly.
 y - a ring of protection from cold (right hand)
Wands
 k - a wand of polymorph (3)
 x - a wand of flame (18)
 z - a wand of iceblast (6)
Scrolls
 c - 3 scrolls of teleportation
 h - 2 scrolls of magic mapping
 B - a scroll of amnesia
 E - 5 scrolls of remove curse
Potions
 b - a potion of attraction
 d - 2 potions of flight
 i - 2 potions of haste
 j - 4 potions of curing
 p - a potion of berserk rage
 r - 5 potions of brilliance
 C - a potion of degeneration {unknown}
 F - a potion of invisibility


   Skills:
 + Level 2.4 Fighting
 + Level 3.7 Maces & Flails
 + Level 4.0 Armour
 + Level 4.4 Dodging
 - Level 3.0 Stealth
 * Level 8.3 Spellcasting
 * Level 6.7 Conjurations
 * Level 4.6 Necromancy
 * Level 6.7 Fire Magic


You had 18 spell levels left.
You knew the following spells:

 Your Spells              Type           Power        Failure   Level
a - Foxfire               Conj/Fire      100%         1%          1
b - Fireball              Conj/Fire      16%          16%         5
c - Pain                  Necr           100%         1%          1

Your spell library contained the following spells:

 Spells                   Type           Power        Failure   Level
 Animate Skeleton         Necr           50%          1%          1
 Conjure Flame            Conj/Fire      33%          1%          3
 Vampiric Draining        Necr           12%          4%          3
 Sticky Flame             Conj/Fire      33%          5%          4
 Inner Flame              Hex/Fire       20%          7%          3
 Animate Dead             Necr           12%          13%         4
 Agony                    Necr           25%          36%         5


Dungeon Overview and Level Annotations

Branches:
Dungeon (10/15)            Temple (1/1) D:5
   Lair: D:8-11         Orc: D:9-12

Altars:
Ashenzari
Cheibriados
Dithmenos
Elyvilon
Fedhas
Gozag
Hepliaklqana
Kikubaaqudgha
Makhleb
Nemelex Xobeh
Okawaru
Qazlal
Ru
Sif Muna
Trog
Uskayaw
Vehumet
Wu Jian
Xom
Yredelemnul
Zin
The Shining One
Lugonu

Shops:
D:6 *=??


Innate Abilities, Weirdness & Mutations

You have a pair of small antennae on your head.
You regenerate a little health from kills.
You are immune to miasma.
Your movements are less encumbered by armour. (ER -4)


Message History

Something hits you. Something hits you but does no damage.
Something completely misses you. Something hits you! Something hits you.
Something hits you. x2
* * * LOW HITPOINT WARNING * * *
Something hits you but does no damage. Something hits you.
* * * LOW HITPOINT WARNING * * *
Something barely misses you. Something hits you.
* * * LOW HITPOINT WARNING * * *
Something barely misses you.
There is a stone staircase leading up here.
Something hits you!
* * * LOW HITPOINT WARNING * * *
Something hits you.
You die...
Kikubaaqudgha rasps: "You have failed me!
Welcome... death!"

.###### ......# ......#
......#################
..._..........Z{@.....#
......#################
...(..# ......# ......#
......# #######


You could see an adder skeleton.

Vanquished Creatures
  A two-headed ogre (D:8)
  2 trolls (D:9)
  6 yaks (D:9)
  A wyvern (D:9)
  Eustachio (D:5)
  A steam dragon (D:8)
  2 ice beasts
  2 orc warriors
  4 sky beasts
  A phantom (D:5)
  4 centaurs
  A lemure (D:6)
  7 ogres
  A big kobold (D:8)
  6 bullfrogs
  5 scorpions
  3 howler monkeys
  2 jellies
  2 bullfrog zombies
  A centaur zombie (D:6)
  5 hounds
  2 centaur skeletons
  6 orc priests
  4 orc wizards
  A bullfrog skeleton (D:7)
  Ijyb (D:5)
  3 iguanas
  Natasha (thrice) (D:2)
  6 worker ants
  A killer bee zombie (D:5)
  3 gnolls (D:3)
  10 adders
  A shadow imp (D:5)
  4 white imps
  An ooze (D:3)
  2 ufetubi
  3 adder skeletons
  3 worms
  2 dart slugs
  10 leopard geckos
  35 orcs
  7 bats
  7 giant cockroaches
  9 goblins
  6 hobgoblins
  17 jackals
  2 quokkas
  2 ball pythons
  6 frilled lizards
  A jackal zombie (D:8)
  12 kobolds
  A leopard gecko zombie (D:6)
  9 rats
238 creatures vanquished.

Vanquished Creatures (collateral kills)
  2 foxfires (Temple)
2 creatures vanquished.

Vanquished Creatures (others)
  2 kobolds (D:8)
  A demonic plant (Temple)
  1030 foxfires
  7 plants (D:9)
1040 creatures vanquished.

Grand Total: 1280 creatures vanquished

Notes
Turn   | Place    | Note
-------+----------+-------------------------------------------
     0 | D:1      | funkygono the Demonspawn Fire Elementalist began the quest
                  | for the Orb.
     0 | D:1      | Reached XP level 1. HP: 13/13 MP: 3/3
   459 | D:1      | Gained mutation: You have a pair of small antennae on your
                  | head. [demonic ancestry]
   459 | D:1      | Reached XP level 2. HP: 19/19 MP: 1/5
  1302 | D:2      | Reached XP level 3. HP: 24/24 MP: 1/6
  1652 | D:2      | Noticed Natasha
  1658 | D:2      | Killed Natasha
  1659 | D:2      | Gained mutation: You are immune to miasma. [demonic
                  | ancestry]
  1659 | D:2      | Reached XP level 4. HP: 15/30 MP: 1/7
  1919 | D:2      | Noticed Natasha
  1955 | D:2      | Killed Natasha
  2012 | D:2      | Found an iron altar of Okawaru.
  2014 | D:2      | Found a bloodstained altar of Trog.
  2192 | D:2      | Found a basalt altar of Yredelemnul.
  2195 | D:2      | Found a shimmering altar of Xom.
  2198 | D:2      | Found an ornate altar of the Wu Jian Council.
  2276 | D:2      | Noticed Natasha
  2280 | D:2      | Killed Natasha
  2281 | D:2      | Gained mutation: Your movements are slightly less
                  | encumbered by armour. (ER -2) [demonic ancestry]
  2281 | D:2      | Reached XP level 5. HP: 35/35 MP: 4/9
  2698 | D:3      | Reached skill level 3 in Spellcasting
  3534 | D:3      | Reached XP level 6. HP: 42/42 MP: 5/10
  3548 | D:3      | Reached skill level 1 in Maces & Flails
  4831 | D:3      | Reached skill level 1 in Fighting
  5186 | D:4      | Found a stormy altar of Qazlal.
  5424 | D:3      | Reached skill level 1 in Armour
  5424 | D:3      | Gained mutation: You regenerate a little health from kills.
                  | [demonic ancestry]
  5424 | D:3      | Reached XP level 7. HP: 40/48 MP: 5/12
  5931 | D:4      | Learned a level 5 spell: Fireball
  5933 | D:4      | Learned a level 1 spell: Pain
  5943 | D:5      | Entered Level 5 of the Dungeon
  6039 | D:5      | Noticed Eustachio
  6796 | D:5      | Reached skill level 4 in Spellcasting
  7012 | D:5      | Reached skill level 1 in Necromancy
  7038 | D:5      | Killed Eustachio
  7039 | D:5      | Gained mutation: Your movements are less encumbered by
                  | armour. (ER -4) [demonic ancestry]
  7039 | D:5      | Reached XP level 8. HP: 39/55 MP: 2/14
  7399 | D:5      | Found a sacrificial altar of Ru.
  7532 | D:5      | Noticed Ijyb
  7540 | D:5      | Killed Ijyb
  7585 | D:5      | Found a staircase to the Ecumenical Temple.
  7699 | D:5      | Reached skill level 5 in Spellcasting
  7702 | Temple   | Entered the Ecumenical Temple
  7890 | D:6      | Got an ancient ruby amulet
  8019 | D:6      | Identified the amulet of the Wild Haggis {Spirit +Fly rC+
                  | Will-} (You found it on level 6 of the Dungeon)
  8155 | D:6      | Found Jemiat's Jewellery Boutique.
  8236 | D:6      | Found Esezxu Mehe's Magic Scroll Emporium.
  8426 | D:6      | Reached skill level 5 in Fire Magic
  8517 | D:6      | Found Rod Zauc's General Store.
  8563 | D:6      | Found a radiant altar of Vehumet.
  8567 | D:6      | Found a white marble altar of Elyvilon.
  8934 | D:6      | Found Ustorgh's Magic Scroll Emporium.
  9397 | D:7      | Reached XP level 9. HP: 18/61 MP: 15/17
  9671 | D:7      | Reached skill level 6 in Spellcasting
  9972 | D:7      | Found a glowing golden altar of the Shining One.
  9988 | D:7      | Reached skill level 5 in Conjurations
 10768 | D:8      | Noticed a +0 dagger
 10769 | D:8      | Noticed a +0 dagger
 10790 | D:8      | Found a hide-covered altar of Uskayaw.
 11140 | D:8      | Noticed a two-headed ogre
 11153 | D:8      | Killed a two-headed ogre
 11154 | D:8      | Reached skill level 7 in Spellcasting
 11447 | D:8      | Reached XP level 10. HP: 67/67 MP: 1/21
 11850 | D:8      | Found a broken altar of Ashenzari.
 13294 | D:9      | Found a hazy altar of Hepliaklqana.
 13406 | D:9      | Reached skill level 8 in Spellcasting
 13431 | D:9      | HP: 3/67 [yak (2)]
 13743 | D:9      | Found an ancient bone altar of Kikubaaqudgha.
 13872 | D:9      | Became a worshipper of Kikubaaqudgha
 14392 | D:10     | Entered Level 10 of the Dungeon
 14399 | D:10     | Found a basalt altar of Yredelemnul.
 14419 | D:10     | HP: 2/68 [something (8)]
 14419 | D:10     | Slain by an unseen horror

Illustrated notes

Levels and vault maps discovered:
D:1:      noname_arrival_rooms_in_the_neighbourhood, layout_basic,
          minmay_box_of_dots
D:2:      layout_basic, gammafunk_temple_overflow_statue,
          grunt_temple_overflow_diamond, uniq_natasha
D:3:      layout_loops_ring, minmay_bisected
D:4:      layout_loops_ring, grunt_qazlal_sundering, uniq_pikel
D:5:      layout_rooms, lemuel_crystal_altar, temple_doors_e, item_on_display_a,
          uniq_eustachio, uniq_ijyb
D:6:      layout_gridville, minitemple, serial_shops, shop_statue, shop_coins,
          shop, shop_fountains
D:7:      layout_loops_ring, nicolae_tso_carved_into_rock
D:8:      layout_basic, kennysheep_little_box, dancing_weapons_uskayaw
D:9:      layout_loops_corners, overflow_temple_1_default,
          nzn_hepliaklqana_mist_gate, serial_bayou_crossing
D:10:     nzn_winding_woodlands_large [nzn_winding_woodlands_5x5_default,
          nzn_winding_woodlands_5x15_longhouse, nzn_winding_woodlands_5x5_cross,
          nzn_winding_woodlands_center_triple_pond,
          nzn_winding_woodlands_15x15_five_gardens,
          nzn_winding_woodlands_center_lodge,
          nzn_winding_woodlands_5x5_checkerboard,
          nzn_winding_woodlands_5x15_pockets, nzn_winding_woodlands_5x5_three],
          layout_rooms, lair_entry_dummy, basic_altar, grunt_ministairs_5,
          uniq_snorg, uniq_maggie, uniq_erolcha
Temple:   corrupted_temple

Skill      XL: |  1  2  3  4  5  6  7  8  9 10 |
---------------+-------------------------------+-----
Dodging        | 2 3 4 |  4.4
Fire Magic     | 3 4 5 6 |  6.7
Stealth        | 2 3 |  3.0
Conjurations   | 2 3 4 6 |  6.7
Spellcasting   | 3 4 5 7 8 |  8.3
Maces & Flails | 1 2 3 |  3.7
Fighting       | 1 2 |  2.4
Armour         | 1 2 3 4 |  4.0
Necromancy     | 1 2 3 4 |  4.6

Action                   |  1- 3 |  4- 6 |  7- 9 | 10-12 || total
-------------------------+-------+-------+-------+-------++-------
Melee: Whip              |     9 |    57 |       |       ||    66
       Flail             |       |    50 |   124 |    75 ||   249
 Cast: Foxfire           |    61 |   160 |   303 |   102 ||   626
       Pain              |       |       |    21 |    12 ||    33
  Use: Scroll            |     6 |     3 |     7 |     4 ||    20
       Potion            |       |       |     3 |     4 ||     7
Armor: Robe              |     3 |     3 |       |       ||     6
       Skin              |       |    32 |       |       ||    32
       Leather armour    |       |    43 |   135 |       ||   178
       Steam dragon scal |       |       |       |    46 ||    46
Dodge: Dodged            |    20 |   116 |   260 |    87 ||   483
